 Dungeon Crawl Stone Soup version 0.19.1-1-g22dce08 (webtiles) character file.

16375 Lennu the Carver (level 12, -10/121 HPs)
             Began as a Minotaur Chaos Knight on Jan 4, 2017.
             Mangled by an eight-headed hydra (13 damage)
             ... on level 4 of the Lair of Beasts.
             The game lasted 01:20:59 (15124 turns).

Lennu the Carver (Minotaur Chaos Knight)           Turns: 15124, Time: 01:21:01

Health: -10/121    AC: 13    Str: 18    XL:     12   Next: 9%
Magic:  11/11      EV: 16    Int: 11    God:    Xom [......]
Gold:   846        SH:  0    Dex: 23    Spells: 0 memorised, 11 levels left

rFire  + . .     SeeInvis .     a - +0 falchion (chaos)
rCold  + + .     Gourm    .     q - +1 scale mail {rC+}
rNeg   . . .     Faith    +     (no shield)
rPois  +         Spirit   .     (helmet restricted)
rElec  .         Reflect  .     o - +0 cloak
rCorr  .         Harm     .     i - +0 pair of gloves
MR     .....     Clarity  +     (no boots)
Stlth  +......... Rnd*Tele +    k - amulet of faith
                                j - ring of protection from cold
                                T - +5 ring of dexterity

@: confused
A: retaliatory headbutt, horns 2, talons 1, repulsion field 1, iridescent scales
1, yellow scales 1, camouflage 1, agile 2, clarity, clever 1, deformed body,
fire resistance 1, poison resistance, robust 1, teleportitis 1, wild magic 1,
MP-powered wands
a: Renounce Religion


You were on level 4 of the Lair of Beasts.
You worshipped Xom.
You were a very special plaything of Xom.
You were not hungry.

You visited 2 branches of the dungeon, and saw 13 of its levels.
You visited the Abyss 1 time.
You also visited: Ossuary.

You collected 846 gold pieces.

Inventory:

Hand Weapons
 a - a +0 falchion of chaos (weapon)
 y - a +1 falchion of draining
Armour
 b - a +2 leather armour
 i - a +0 pair of gloves (worn)
 o - a +0 cloak (worn)
 q - a +1 scale mail of cold resistance (worn)
 H - the +3 leather armour of Exiasegu {*Slow rPois Regen+}
   (You found it on level 7 of the Dungeon)

   It protects you from poison.
   It increases your rate of regeneration.
   It may slow you when you take damage.
Jewellery
 e - an uncursed ring of stealth
 j - a ring of protection from cold (right hand)
 k - an amulet of faith (around neck)
 x - an uncursed ring of fire
 T - a +5 ring of dexterity (left hand)
 V - an uncursed amulet of harm
Wands
 d - a wand of hasting (8/9)
 z - a wand of flame (24/48)
 F - a wand of random effects (20/48)
 G - a wand of lightning (8/15)
 P - a wand of flame (38/48)
 Q - a wand of slowing (32/48)
 S - a wand of lightning (7/15)
Scrolls
 l - a scroll of immolation
 n - 4 scrolls of recharging
 r - 3 scrolls of identify
 s - a scroll of fear
 v - a scroll of fog
 E - 2 scrolls of teleportation
 J - 3 scrolls of remove curse
 K - 2 scrolls of enchant armour
 L - 3 scrolls of magic mapping
 M - 3 scrolls of torment
 N - a scroll of blinking
 O - a scroll of noise {unknown}
Potions
 u - 3 potions of agility
 A - a potion of flight
 B - a potion of ambrosia
 D - a potion of brilliance
Books
 g - a book of Callings

   Spells                             Type                      Level
   a - Summon Small Mammal            Summoning                    1
   b - Call Imp                       Summoning                    2
   c - Call Canine Familiar           Summoning                    3
   d - Summon Guardian Golem          Hexes/Summoning              3
   e - Summon Lightning Spire         Summoning/Air                4
   f - Summon Ice Beast               Ice/Summoning                4
 t - a book of Clouds

   Spells                             Type                      Level
   a - Mephitic Cloud                 Conjuration/Poison/Air       3
   b - Conjure Flame                  Conjuration/Fire             3
   c - Poisonous Cloud                Conjuration/Poison/Air       6
   d - Freezing Cloud                 Conjuration/Ice/Air          6
   e - Ring of Flames                 Charms/Fire                  7
 w - a book of Minor Magic

   Spells                             Type                      Level
   a - Magic Dart                     Conjuration                  1
   b - Blink                          Translocation                2
   c - Call Imp                       Summoning                    2
   d - Repel Missiles                 Charms/Air                   2
   e - Slow                           Hexes                        2
   f - Conjure Flame                  Conjuration/Fire             3
   g - Mephitic Cloud                 Conjuration/Poison/Air       3
 I - a book of Battle

   Spells                             Type                      Level
   a - Infusion                       Charms                       1
   b - Shroud of Golubria             Charms/Translocation         2
   c - Song of Slaying                Charms                       2
   d - Spectral Weapon                Hexes/Charms                 3
   e - Regeneration                   Charms/Necromancy            3
 R - a book of Unlife

   Spells                             Type                      Level
   a - Recall                         Summoning/Translocation      3
   b - Animate Dead                   Necromancy                   4
   c - Control Undead                 Necromancy                   4
   d - Cigotuvi's Embrace             Necromancy                   5
   e - Death Channel                  Necromancy                   6
   f - Simulacrum                     Ice/Necromancy               6
Miscellaneous
 p - 2 phantom mirrors
Comestibles
 c - 9 bread rations
 f - 7 fruits
 h - 2 royal jellies
 C - 10 slices of pizza
 U - 10 chunks of flesh


   Skills:
 + Level 11.1 Fighting
 + Level 13.9 Long Blades
 + Level 0.6 Throwing
 + Level 10.8 Armour
 + Level 6.0 Dodging
 + Level 7.4 Stealth
 + Level 1.4 Unarmed Combat


You had 11 spell levels left.
You didn't know any spells.

Dungeon Overview and Level Annotations

Branches:
Dungeon (9/15)             Temple (0/1) D:7            Lair (4/6) D:9
  Snake (0/4) Lair:4
  Swamp: Lair:2-4    Shoals: Lair:2-4       Orc: D:9-12

Altars:
Cheibriados
Fedhas
Hepliaklqana
Nemelex Xobeh
Okawaru
Ru
Trog
Xom

Annotations:
Lair:1 exclusion: oklob plant


Innate Abilities, Weirdness & Mutations

You reflexively headbutt those who attack you in melee.
You have a pair of horns on your head.
You have sharp toenails.
You are surrounded by a mild repulsion field. (EV +2)
You are partially covered in iridescent scales. (AC +2)
You are partially covered in yellow scales. (AC +2)
Your skin changes colour to match your surroundings (Stealth+).
You are very agile. (Dex +4)
You possess an exceptional clarity of mind.
Your mind is acute. (Int +2)
Armour fits poorly on your strangely shaped body.
Your flesh is heat resistant. (rF+)
Your system is resistant to poisons. (rPois)
You are robust. (+10% HP)
You are occasionally teleported next to monsters.
Your spells are a little harder to cast, but a little more powerful.
You expend magic power (3 MP) to strengthen your wands.


Message History

Something bites you.
* * * LOW HITPOINT WARNING * * *
Something bites you.
* * * LOW HITPOINT WARNING * * *
You are confused.
You feel invigorated. Something barely misses you. Something bites you.
* * * LOW HITPOINT WARNING * * *
Something bites you but does no damage. x3; Something bites you.
* * * LOW HITPOINT WARNING * * *
Something bites you.
* * * LOW HITPOINT WARNING * * *
You slash something! Your kick misses something. Something bites you.
* * * LOW HITPOINT WARNING * * *
Something bites you.
* * * LOW HITPOINT WARNING * * *
Something bites you but does no damage. Something bites you!
* * * LOW HITPOINT WARNING * * *
Something bites you but does no damage. x2; Something bites you!
You die...
Xom thinks this is hilarious!

..## ##...P.............
#..# #P.................
...# ##..................
...###...##.##...........
...#....#######..........
#..#...## ##.........
..##...## ##........
..#.....## ###........
.##......# #.@.P......
##.......# #.{.#P..)..
.........## .....##♣#...
........... #...P## ♣..
..).............## ♣.
.##.#........(.#
#########...... # #..(.#
#


There were no monsters in sight!

Vanquished Creatures
  The ghost of Lennu the Blocker, a journeyman FoFi of Makhleb (Lair:1)
  The ghost of bosm the Thaumaturge, a journeyman OpVM of Makhleb (Lair:1)
  3 elephants (Lair:4)
  3 black mambas
  8 spiny frogs
  3 komodo dragons
  A two-headed ogre (D:9)
  Prince Ribbit (D:8)
  5 hippogriffs
  3 wyverns
  A basilisk (Lair:4)
  12 yaks
  A human (D:8)
  4 hogs (D:8)
  The ghost of M4edhros the Poker, an amateur OpCK of Xom (D:3)
  5 nagas (Lair:4)
  4 water moccasins
  5 porcupines
  2 orc warriors
  3 phantoms
  A sky beast (D:8)
  A black bear (D:7)
  An ice beast (D:8)
  A necrophage (D:8)
  2 ogres
  5 wolves (Lair:2)
  A centaur (D:4)
  4 crocodiles
  2 big kobolds
  8 bullfrogs
  6 scorpions
  A jelly (D:5)
  2 howler monkeys
  4 human zombies (Ossuary)
  5 crimson imps
  4 centaur zombies (Ossuary)
  2 hounds
  3 orc priests
  Crazy Yiuf (D:2)
  A bullfrog skeleton (D:8)
  2 centaur skeletons
  An iguana (shapeshifter) (D:3)
  Terence (D:2)
  4 iguanas
  Natasha (thrice) (D:2)
  7 orc wizards
  13 worker ants
  A hound zombie (Ossuary)
  3 mummies (Ossuary)
  A worker ant zombie (D:9)
  14 adders
  3 gnolls (D:5)
  3 shadow imps
  An ooze (D:1)
  An adder skeleton (D:7)
  2 adder zombies
  3 worms
  5 dart slugs
  4 leopard geckos
  17 orcs
  6 bats
  5 giant cockroaches
  5 gnoll zombies (Ossuary)
  8 goblins
  5 hobgoblins
  12 jackals
  4 quokkas
  4 frilled lizards
  4 goblin zombies (Ossuary)
  2 hobgoblin zombies (Ossuary)
  3 jackal zombies (Ossuary)
  28 kobolds
  A kobold zombie (Ossuary)
  A leopard gecko skeleton (D:5)
  2 orc zombies (Ossuary)
  4 quokka zombies
  8 rat zombies (Ossuary)
  3 plants (D:5)
316 creatures vanquished.

Vanquished Creatures (others)
  A spiny frog (D:9)
  A yak (Lair:2)
  An orc (D:6)
3 creatures vanquished.

Grand Total: 319 creatures vanquished

Notes
Turn   | Place    | Note
-------+----------+-------------------------------------------
     0 | D:1      | Lennu the Minotaur Chaos Knight began the quest for the Orb.
     0 | D:1      | Reached XP level 1. HP: 19/19 MP: 0/0
     5 | D:1      | XOM: silly message
    65 | D:1      | Reached XP level 2. HP: 22/27 MP: 1/1
   216 | D:1      | XOM: divination: detect items
   272 | D:1      | Reached skill level 4 in Long Blades
   421 | D:1      | Reached XP level 3. HP: 33/34 MP: 2/2
   516 | D:1      | XOM: harmless Tmut miscast
   631 | D:1      | XOM: silly message
   925 | D:2      | Reached XP level 4. HP: 37/41 MP: 3/3
  1079 | D:2      | XOM: mild Hex miscast
  1114 | D:2      | Noticed Natasha
  1124 | D:2      | Killed Natasha
  1124 | D:2      | Reached skill level 5 in Long Blades
  1178 | D:2      | Noticed Terence
  1190 | D:2      | Killed Terence
  1218 | D:2      | Found a runed door.
  1222 | D:2      | Noticed Crazy Yiuf
  1226 | D:2      | Killed Crazy Yiuf
  1226 | D:2      | Reached skill level 5 in Fighting
  1226 | D:2      | Reached XP level 5. HP: 48/48 MP: 4/4
  1236 | D:2      | XOM: silly message
  1258 | D:2      | Noticed Natasha
  1262 | D:2      | Killed Natasha
  1305 | D:2      | Noticed Natasha
  1317 | D:2      | Killed Natasha
  1317 | D:2      | Reached skill level 1 in Stealth
  1550 | D:3      | Found a sparkling altar of Nemelex Xobeh.
  1565 | D:3      | Reached skill level 6 in Long Blades
  1566 | D:3      | Found an iron altar of Okawaru.
  1642 | D:3      | Found a shimmering altar of Xom.
  1644 | D:3      | Found a hazy altar of Hepliaklqana.
  1718 | D:3      | Noticed M4edhros's ghost (amateur OpCK)
  1729 | D:3      | XOM: butterfly on damage
  1731 | D:3      | Killed M4edhros's ghost
  1731 | D:3      | Reached XP level 6. HP: 24/56 MP: 5/5
  1764 | D:3      | XOM: divination: detect items
  2089 | D:3      | XOM: divination: detect creatures
  2092 | D:3      | XOM: divination: detect items
  2222 | D:3      | Found a blossoming altar of Fedhas.
  2240 | D:3      | XOM: divination: detect items
  2242 | D:3      | XOM: polymorph orc wizard -> iguana
  2249 | D:3      | XOM: enchant monster (good)
  2258 | D:3      | Reached skill level 7 in Long Blades
  2258 | D:3      | Reached XP level 7. HP: 32/61 MP: 6/6
  2263 | D:3      | Gained mutation: You are partially covered in yellow scales. (AC +2) [mutagenic meat]
  2264 | D:3      | Gained mutation: You expend magic power (3 MP) to strengthen your wands. [mutagenic meat]
  2265 | D:3      | Gained mutation: You are occasionally teleported next to monsters. [mutagenic meat]
  2682 | D:4      | Found a bloodstained altar of Trog.
  2742 | D:4      | XOM: 1-stop teleportation journey
  2898 | D:4      | XOM: 3-stop teleportation journey
  2960 | D:4      | XOM: cloud trail
  3016 | D:4      | XOM: potion effect (might)
  3030 | D:4      | Gained mutation: You possess an exceptional clarity of mind. [mutagenic glow]
  3057 | D:4      | Gained mutation: You are frail. (-10% HP) [mutagenic glow]
  3132 | D:4      | Gained mutation: You are weak. (Str -2) [mutagenic glow]
  3293 | D:4      | XOM: potion effect (haste)
  3597 | D:4      | XOM: cloud trail
  3607 | D:5      | Entered Level 5 of the Dungeon
  3613 | D:5      | XOM: cast spell 'Spider Form'
  3633 | D:5      | XOM: harmless Tmut miscast
  3677 | D:5      | XOM: divination: detect creatures
  3684 | D:5      | Reached skill level 5 in Armour
  3718 | D:5      | XOM: divination: detect items
  3774 | D:5      | XOM: confuse monster(s)
  3780 | D:5      | XOM: polymorph kobold -> frilled lizard
  3781 | D:5      | Reached skill level 8 in Long Blades
  3781 | D:5      | Reached XP level 8. HP: 60/63 MP: 7/7
  3893 | D:5      | XOM: harmless Tmut miscast
  4022 | D:5      | XOM: cast spell 'Alistair's Intoxication'
  4096 | D:5      | XOM: mild Necr miscast
  4493 | D:5      | XOM: divination: detect items
  4651 | D:5      | Found a snail-covered altar of Cheibriados.
  4668 | D:5      | XOM: harmless Necr miscast
  4739 | D:5      | XOM: scenery: create altars
  4956 | D:6      | Found a sand-covered staircase.
  4968 | Ossuary  | Entered an ossuary
  5102 | Ossuary  | XOM: give mutations
  5102 | Ossuary  | Lost mutation: You are frail. (-10% HP) [Xom's grace]
  5102 | Ossuary  | Gained mutation: You are surrounded by a mild repulsion field. (EV +2) [Xom's grace]
  5102 | Ossuary  | Gained mutation: You are partially covered in iridescent scales. (AC +2) [Xom's grace]
  5102 | Ossuary  | Gained mutation: Your system is resistant to poisons. (rPois) [Xom's grace]
  5267 | Ossuary  | Reached skill level 9 in Long Blades
  5430 | Ossuary  | XOM: scenery: 1 doors close
  5496 | Ossuary  | XOM: fake destruction
  5548 | Ossuary  | Gained mutation: Your flesh is heat resistant. (rF+) [potion of mutation]
  5548 | Ossuary  | Gained mutation: You have sharp toenails. [potion of mutation]
  5943 | D:6      | XOM: medium Divn miscast
  5946 | D:6      | XOM: summons 6 friendly demons
  6014 | D:6      | XOM: 5-stop teleportation journey
  6059 | D:6      | XOM: destruction
  6073 | D:6      | XOM: potion effect (agility)
  6086 | D:6      | Reached XP level 9. HP: 62/79 MP: 8/8
  6396 | D:7      | Reached skill level 10 in Long Blades
  6589 | D:7      | XOM: harmless Necr miscast
  6600 | D:7      | XOM: noise
  6609 | D:7      | XOM: silly message
  7073 | D:7      | Found a staircase to the Ecumenical Temple.
  7098 | D:7      | Got a bloodstained leather armour
  7109 | D:7      | Identified the +3 leather armour of Exiasegu {*Slow rPois Regen+} (You found it on level 7 of the Dungeon)
  7153 | D:7      | XOM: cast spell 'Confusing Touch'
  7248 | D:8      | XOM: cast spell 'Alistair's Intoxication'
  7327 | D:8      | Found a sacrificial altar of Ru.
  7415 | D:8      | Noticed Prince Ribbit
  7429 | D:8      | Killed Prince Ribbit
  7508 | D:8      | XOM: mild Erth miscast
  7541 | D:8      | Reached skill level 11 in Long Blades
  7653 | D:8      | XOM: divination: detect creatures
  7660 | D:8      | Reached skill level 5 in Stealth
  7672 | D:8      | Reached XP level 10. HP: 48/88 MP: 9/9
  7716 | D:8      | XOM: divination: detect items
  7744 | D:8      | XOM: cast spell 'Statue Form'
  7752 | D:8      | Gained mutation: You are dopey. (Int -2) [mutagenic meat]
  7755 | D:8      | Gained mutation: Armour fits poorly on your strangely shaped body. [mutagenic meat]
  7756 | D:8      | Gained mutation: You are agile. (Dex +2) [mutagenic meat]
  7757 | D:8      | Lost mutation: You are dopey. (Int -2) [mutagenic meat]
  7818 | D:8      | XOM: medium Necr miscast
  7914 | D:8      | XOM: mild Divn miscast
  8668 | D:9      | XOM: god gift: 24 gold pieces
  8697 | D:9      | XOM: medium Tloc miscast
  8697 | D:9      | Cast into level 2 of the Abyss (the capriciousness of Xom)
  8726 | D:9      | Escaped the Abyss
  8789 | D:9      | XOM: enchant monster (good)
  8871 | D:9      | XOM: harmless Ice miscast
  9014 | D:9      | Noticed a spiny frog
  9025 | D:9      | Banished a spiny frog
  9144 | D:9      | XOM: silly message
  9225 | D:9      | Found a staircase to the Lair.
  9292 | D:9      | XOM: god gift: scroll of immolation
  9559 | D:9      | XOM: god gift: scroll of random uselessness
  9575 | D:9      | XOM: harmless Fire miscast
  9621 | Lair:1   | Entered Level 1 of the Lair of Beasts
  9691 | Lair:1   | XOM: confuse monster(s)
  9705 | Lair:1   | Noticed Lennu's ghost (journeyman FoFi)
  9707 | Lair:1   | XOM: potion effect (brilliance)
  9730 | Lair:1   | Killed Lennu's ghost
  9730 | Lair:1   | Reached skill level 12 in Long Blades
 10102 | Lair:1   | Noticed an oklob plant
 10202 | Lair:1   | Noticed bosm's ghost (journeyman OpVM)
 10406 | Lair:1   | XOM: divine lightning (protected)
 10410 | Lair:1   | XOM: blink monster(s)
 10424 | Lair:1   | Killed bosm's ghost
 10668 | Lair:1   | XOM: cloud trail
 10780 | Lair:1   | Noticed a spiny frog
 10783 | Lair:1   | XOM: enchant monster (good)
 10789 | Lair:1   | XOM: enchant monster (bad)
 10797 | Lair:1   | Killed a spiny frog
 10797 | Lair:1   | Reached skill level 5 in Dodging
 10882 | Lair:1   | XOM: harmless Fire miscast
 10986 | Lair:1   | XOM: harmless Ice miscast
 11114 | Lair:1   | XOM: scenery: create altars
 11193 | Lair:1   | XOM: confuse monster(s)
 11199 | Lair:1   | XOM: mild Erth miscast
 11202 | Lair:1   | XOM: noise
 11209 | Lair:1   | Reached XP level 11. HP: 90/99 MP: 10/10
 11230 | Lair:1   | XOM: summons friendly ufetubus
 11243 | Lair:1   | XOM: divination: detect items
 11372 | Lair:2   | XOM: smoke on damage
 11427 | Lair:2   | XOM: cast spell 'Confusing Touch'
 11450 | Lair:2   | Reached skill level 10 in Fighting
 11632 | Lair:2   | Reached skill level 10 in Armour
 11789 | Lair:2   | XOM: mild Fire miscast
 11883 | Lair:2   | Reached skill level 13 in Long Blades
 11888 | Lair:2   | XOM: harmless Air miscast
 11973 | Lair:2   | XOM: cast spell 'Summon Ice Beast'
 11979 | Lair:2   | XOM: harmless Hex miscast
 12000 | Lair:2   | XOM: harmless Summ miscast
 12349 | Lair:2   | XOM: potion effect (brilliance)
 12350 | Lair:2   | XOM: cast spell 'Olgreb's Toxic Radiance'
 12352 | Lair:2   | XOM: potion effect (heal wounds)
 12601 | Lair:2   | Got a pitted scythe
 12626 | Lair:2   | XOM: cast spell 'Spider Form'
 12638 | Lair:2   | Reached skill level 1 in Unarmed Combat
 12654 | Lair:2   | XOM: cloud trail
 12878 | Lair:2   | XOM: cloud trail
 13424 | Lair:2   | XOM: give mutation
 13424 | Lair:2   | Gained mutation: You are robust. (+10% HP) [Xom's grace]
 13446 | Lair:2   | XOM: summons friendly shadow imp
 13452 | Lair:2   | XOM: scenery: create altars
 13496 | Lair:2   | XOM: scenery: create altars
 13505 | Lair:2   | XOM: enchant monster (good)
 13508 | Lair:2   | XOM: divine lightning (protected)
 13715 | Lair:2   | XOM: scenery: create altars
 13776 | Lair:2   | XOM: give mutation
 13776 | Lair:2   | Gained mutation: You are very agile. (Dex +4) [Xom's grace]
 13846 | Lair:2   | XOM: give mutations
 13846 | Lair:2   | Lost mutation: You are weak. (Str -2) [Xom's grace]
 13846 | Lair:2   | Gained mutation: Your mind is acute. (Int +2) [Xom's grace]
 13846 | Lair:2   | Gained mutation: Your spells are a little harder to cast, but a little more powerful. [Xom's grace]
 13846 | Lair:2   | Gained mutation: Your skin changes colour to match your surroundings (Stealth+). [Xom's grace]
 13923 | Lair:3   | XOM: 5-stop teleportation journey
 13983 | Lair:3   | XOM: enchant monster (good)
 14062 | Lair:3   | XOM: scenery: create altars
 14241 | Lair:3   | XOM: god gift: 22 stones
 14247 | Lair:3   | XOM: silly message
 14341 | Lair:3   | XOM: medium Tloc miscast
 14522 | Lair:4   | XOM: enchant monster (good)
 14530 | Lair:4   | Found a staircase to the Snake Pit.
 14539 | Lair:4   | XOM: cast spell 'Metabolic Englaciation'
 14786 | Lair:4   | XOM: 3-stop teleportation journey
 14830 | Lair:4   | XOM: divination: magic mapping
 14845 | Lair:4   | Reached XP level 12. HP: 109/121 MP: 11/11
 14967 | Lair:4   | XOM: cast spell 'Summon Hydra'
 14976 | Lair:4   | XOM: swap monsters
 15107 | Lair:4   | XOM: medium Erth miscast
 15111 | Lair:4   | Noticed a four-headed hydra
 15124 | Lair:4   | HP: 3/121 [something (10)]
 15124 | Lair:4   | Mangled by an eight-headed hydra

Skill      XL: |  1  2  3  4  5  6  7  8  9 10 11 |
---------------+----------------------------------+-----
Fighting       | 4 5 6 7 8 9 11 | 11.1
Long Blades    | 4 5 6 7 8 9 11 12 13 | 13.9
Armour         | 3 5 6 7 9 10 | 10.8
Stealth        | 1 2 3 5 6 7 |  7.4
Dodging        | 2 3 4 5 6 |  6.0
Unarmed Combat | 1 |  1.4
Throwing       | |  0.6

Action                   |  1- 3 |  4- 6 |  7- 9 | 10-12 || total
-------------------------+-------+-------+-------+-------++-------
Melee: Falchion          |    59 |   102 |   596 |   592 ||  1349
       Headbutt          |    13 |    15 |   132 |   179 ||   339
       Unarmed           |       |       |     5 |    12 ||    17
       Kick              |       |       |    81 |   251 ||   332
       Punch             |       |       |     3 |     2 ||     5
Throw: Javelin           |       |       |       |     9 ||     9
  Use: Potion            |       |     3 |     7 |     4 ||    14
       Scroll            |       |     3 |     9 |    10 ||    22
 Stab: Sleeping          |     2 |     1 |     5 |     4 ||    12
       Confused          |       |     1 |     1 |     7 ||     9
       Paralysed         |       |       |    16 |    16 ||    32
       Distracted        |       |       |     2 |       ||     2
       Petrifying        |       |       |     1 |     5 ||     6
       Petrified         |       |       |       |    10 ||    10
  Eat: Chunk             |       |     3 |    11 |    14 ||    28
       Meat ration       |       |     1 |     1 |     1 ||     3
       Beef jerky        |       |       |     1 |     3 ||     4
       Bread ration      |       |       |       |     2 ||     2
Armor: Leather armour    |    25 |     1 |       |       ||    26
       Scale mail        |       |    38 |   201 |   142 ||   381
       Skin              |       |       |     1 |     1 ||     2
Dodge: Dodged            |    44 |    45 |   261 |   255 ||   605
       Rpst.: Falchion   |    12 |    11 |    68 |    59 ||   150
